[Event "Titled Tuesday Blitz November 22 Early 2022"]
[White "Malka, Samuel"]
[Black "Berezin, Viktor"]
[WhiteFideId "20643675"]
[BlackFideId "14107872"]
[WhiteElo "2456"]
[BlackElo "2310"]
[Result "0-1"]
[Round "06"]
[TimeControl "180+1"]
[Date "2022.11.23"]
[WhiteClock "0:00:15"]
[BlackClock "0:01:02"]

1. d4 Nf6 2. c4 g6 3. Nc3 Bg7 4. e4 O-O 5. Nf3 d6 6. Be2 Nc6 7. d5 Nb8 8. O-O e5 9. Ne1 Na6 10. Nd3 Nd7 11. b4 c5 12. a3 f5 13. f3 f4 14. Rb1 b6 15. Na4 Nf6 16. bxc5 Nxc5 17. Naxc5 bxc5 18. Bd2 h5 19. Qa4 Rf7 20. Ba5 Qf8 21. Qc6 Bd7 22. Qa6 Bc8 23. Qc6 Bd7 24. Qa6 Bc8 25. Qb5 Bd7 26. Qb3 g5 27. Nf2 g4 28. Kh1 Qe7 29. g3 Kh8 30. Rg1 Rg8 31. Rbe1 Bh6 32. gxf4 Bxf4 33. fxg4 hxg4 34. Rg2 Rh7 35. Kg1 Qf7 36. Nh1 Nxe4 37. Bd3 Bxh2+ 38. Rxh2 Rxh2 39. Kxh2 g3+ 40. Kg1 g2 41. Bxe4 gxh1=Q+ 42. Kxh1 Qh5+ 43. Qh3 Qxh3# 0-1


[Site "https://www.chess.com"]

[Event "Titled Tuesday Blitz November 22 Early 2022"]
[White "Malyi, Viacheslav"]
[Black "Levitan, Caleb Levi"]
[WhiteFideId "14123983"]
[BlackFideId "14332620"]
[WhiteElo "2291"]
[BlackElo "1963"]
[Result "1-0"]
[Round "06"]
[TimeControl "180+1"]
[Date "2022.11.23"]
[WhiteClock "0:00:24"]
[BlackClock "0:00:04"]

1. e4 c5 2. Nf3 e6 3. g3 d5 4. e5 Nc6 5. Bg2 Nge7 6. O-O Nf5 7. Re1 Be7 8. h4 O-O 9. h5 b6 10. d3 Bb7 11. Bf4 Nfd4 12. Nbd2 Rc8 13. c3 Nxf3+ 14. Nxf3 d4 15. c4 Qd7 16. Qd2 f6 17. exf6 Bxf6 18. Re2 Rce8 19. Rae1 Qf7 20. h6 g6 21. Ne5 Bxe5 22. Bxe5 Nxe5 23. Rxe5 Bxg2 24. Kxg2 Qf3+ 25. Kg1 Rf6 26. R1e4 Ref8 27. Re2 Qg4 28. Qg5 Qxg5 29. Rxg5 Kf7 30. Rge5 Ke7 31. f4 Kd6 32. Kg2 Re8 33. R2e4 Rf5 34. Kf3 Rxe5 35. Rxe5 Rf8 36. g4 Rf7 37. Ke4 a6 38. a3 b5 39. b3 bxc4 40. bxc4 Rf8 41. f5 gxf5+ 42. gxf5 exf5+ 43. Rxf5 Re8+ 44. Kf4 Re3 45. Rf6+ Ke7 46. Rxa6 Rxd3 47. Ke5 Rh3 48. Ra7+ Kf8 49. Rxh7 d3 50. Rd7 d2 51. Rxd2 Rxh6 52. Kd5 Ra6 53. Kxc5 Rxa3 54. Re2 Ra6 55. Kb5 Ra1 56. c5 Rb1+ 57. Kc6 Rc1 58. Kd6 Rd1+ 59. Kc7 Rc1 60. c6 Rb1 61. Kd7 Rd1+ 62. Kc8 Rc1 63. c7 Kf7 64. Rb2 Rc3 65. Kb8 Ke7 66. c8=Q Rxc8+ 67. Kxc8 Kd6 68. Rb7 Ke5 69. Rc7 1-0


[Site "https://www.chess.com"]

[Event "Titled Tuesday Blitz November 22 Early 2022"]
[White "Martic, Ivan"]
[Black "Kvaloy, Aksel Bu"]
[WhiteFideId "929301"]
[BlackFideId "1528815"]
[WhiteElo "2355"]
[BlackElo "2184"]
[Result "1/2-1/2"]
[Round "06"]
[TimeControl "180+1"]
[Date "2022.11.23"]
[WhiteClock "0:00:06"]
[BlackClock "0:00:06"]

1. Nf3 d5 2. g3 g6 3. Bg2 Bg7 4. O-O e5 5. d3 Nc6 6. Nc3 Nge7 7. e4 O-O 8. exd5 Nxd5 9. Bd2 Nxc3 10. Bxc3 Qd7 11. Re1 f6 12. d4 exd4 13. Nxd4 Nxd4 14. Bxd4 c6 15. c3 Qc7 16. Qb3+ Kh8 17. Bc5 Rg8 18. Re7 Qb8 19. Qf7 b6 20. Bd4 Qd6 21. Rae1 Bf5 22. Re8 Raxe8 23. Rxe8 Rxe8 24. Qxe8+ Bf8 25. Qxc6 Qxc6 26. Bxc6 Kg7 27. f3 Bb1 28. a4 Kf7 29. Kf2 Ke6 30. Bb5 f5 31. Bc4+ Ke7 32. a5 bxa5 33. Bxa7 Bh6 34. f4 Bg7 35. Bc5+ Ke8 36. Bb6 a4 37. Bb5+ Ke7 38. Bxa4 Kd6 39. Ke3 Ba2 40. Bd4 Bf8 41. b4 Kd5 42. Bb5 Bc4 43. Bxc4+ Kxc4 44. Be5 Be7 45. h3 h5 46. Kf3 Bd8 47. g4 hxg4+ 48. hxg4 Bh4 49. gxf5 gxf5 50. Ke2 Be7 51. Kd2 Bd8 52. Kc2 Bb6 53. Kb2 Bd8 54. Ka3 Bb6 55. Ka4 Bd8 56. b5 Bb6 57. Bd4 Bc7 58. Be3 Kxc3 59. b6 Bd6 60. Kb5 Kd3 61. Bc1 Kc2 62. Kc6 Bb8 63. Be3 Kd3 64. Bc5 Bxf4 65. Bd6 Be3 66. b7 Ba7 67. Kb5 f4 68. Ka6 f3 69. Bg3 Bb8 70. Bxb8 f2 71. Bc7 f1=Q 72. b8=Q Qa1+ 73. Ba5 Qf6+ 74. Ka7 Qe7+ 75. Bc7 Qa3+ 76. Kb7 Qb3+ 77. Bb6 Qd5+ 78. Kc8 Qg8+ 79. Bd8 Qc4+ 80. Kb7 Qb5+ 81. Bb6 Qd7+ 82. Ka6 Qa4+ 83. Ba5 Qc6+ 84. Ka7 Qd7+ 85. Kb6 Qe6+ 86. Kb5 Qc4+ 87. Kb6 Qb3+ 88. Ka7 Qxb8+ 89. Kxb8 1/2-1/2


[Site "https://www.chess.com"]

[Event "Titled Tuesday Blitz November 22 Early 2022"]
[White "Mesa Cruz, Juan Carlos"]
[Black "Chan, Kim Yew"]
[WhiteFideId "6423400"]
[BlackFideId "5717981"]
[WhiteElo "2059"]
[BlackElo "2206"]
[Result "0-1"]
[Round "06"]
[TimeControl "180+1"]
[Date "2022.11.23"]
[WhiteClock "0:00:04"]
[BlackClock "0:00:13"]

1. e4 c5 2. Nf3 e6 3. c3 Nf6 4. e5 Nd5 5. Bc4 Nb6 6. Bb3 c4 7. Bc2 d6 8. Qe2 Nc6 9. O-O dxe5 10. Nxe5 Nxe5 11. Qxe5 Qd6 12. Qe2 Be7 13. a4 a5 14. Na3 Qc5 15. d4 cxd3 16. Bxd3 Nd5 17. Nb5 O-O 18. Bd2 Bd7 19. c4 Nb4 20. Bxb4 Qxb4 21. Qe4 g6 22. Qxb7 Rfd8 23. Be4 Rab8 24. Qa7 Bc5 25. Qc7 Qxb2 26. Qxc5 Qe2 27. Qe3 Qxc4 28. Rfc1 Qb4 29. g3 Bxb5 30. axb5 Qxb5 31. Qc5 Qe2 32. Bg2 Rb2 33. Qe3 Qb5 34. Re1 Rdd2 35. Rad1 Rxf2 36. Rd8+ Kg7 37. Qe5+ Qxe5 38. Rxe5 Rxg2+ 39. Kf1 Rxh2 40. Kg1 Rbg2+ 41. Kf1 Rd2 42. Rxd2 Rxd2 43. Rxa5 Rd5 44. Rc5 Rxc5 45. Kf2 Rd5 46. Kg2 Kf6 47. Kf3 Kg5 48. Kg2 Rd4 49. Kh3 Rg4 0-1


[Site "https://www.chess.com"]

[Event "Titled Tuesday Blitz November 22 Early 2022"]
[White "Mihailidis, Anastasios"]
[Black "Streltsov, Alexey"]
[WhiteFideId "4205588"]
[BlackFideId "24104434"]
[WhiteElo "2312"]
[BlackElo "2537"]
[Result "0-1"]
[Round "06"]
[TimeControl "180+1"]
[Date "2022.11.23"]
[WhiteClock "0:01:50"]
[BlackClock "0:01:37"]

1. e4 c6 2. d4 d5 3. exd5 cxd5 4. Bd3 Nc6 5. c3 Nf6 6. Bf4 Bg4 7. Qb3 Qd7 8. Nd2 e6 9. Ngf3 Bd6 10. Bxd6 Qxd6 11. O-O O-O 12. Qxb7 Rfb8 13. Qa6 Rb6 14. Qa3 Qxa3 15. bxa3 Rc8 16. Nb3 Bxf3 17. gxf3 Nd7 18. f4 Ne7 19. Rac1 Rbc6 20. Bb5 R6c7 21. Bxd7 Rxd7 22. Nc5 Rdc7 23. Kg2 Nf5 24. Rb1 Nd6 25. Rb4 g6 26. Rfb1 h5 27. Rb8 Kg7 28. Rxc8 Rxc8 29. Kf3 Kf6 30. a4 Ne4 31. Nxe4+ dxe4+ 32. Kxe4 Rxc3 33. Rb7 a5 34. Rb5 Ra3 35. Rxa5 Rxa2 36. Ke3 Ra3+ 37. Ke4 Rh3 38. d5 exd5+ 39. Rxd5 Rxh2 40. Rd6+ Ke7 41. Rd2 Rh1 42. Ra2 h4 43. a5 h3 44. Kf3 Rg1 45. a6 h2 46. a7 h1=Q+ 47. Ke3 Ra1 48. a8=Q Qxa8 49. Rxa1 Qxa1 0-1


[Site "https://www.chess.com"]

[Event "Titled Tuesday Blitz November 22 Early 2022"]
[White "Mohammed, Zozek Salah Mohammed"]
[Black "Janaszak, Dawid"]
[WhiteFideId "4803361"]
[BlackFideId "1119206"]
[WhiteElo "2199"]
[BlackElo "2226"]
[Result "1-0"]
[Round "06"]
[TimeControl "180+1"]
[Date "2022.11.23"]
[WhiteClock "0:00:17"]
[BlackClock "0:00:05"]

1. d4 d5 2. Nf3 c5 3. e3 Nf6 4. c4 e6 5. cxd5 exd5 6. Nc3 Nc6 7. Be2 cxd4 8. Nxd4 Bd6 9. a3 O-O 10. b4 Re8 11. Bb2 a5 12. b5 Ne5 13. O-O Nc4 14. Bxc4 dxc4 15. h3 Re5 16. a4 Qc7 17. Nce2 Rg5 18. Nf3 Rg6 19. Kh1 Ne4 20. Nf4 Bxf4 21. exf4 c3 22. Rc1 Be6 23. Ne5 Rh6 24. Qe2 Bd5 25. Rfd1 Qc5 26. Ng4 Rh4 27. Ne3 Nxf2+ 28. Qxf2 Rxh3+ 29. Kg1 Rxe3 30. Bxc3 Rae8 31. Bd4 Qxc1 32. Rxc1 R3e4 33. Rc7 f6 34. Rc5 Re2 35. Rxd5 Rxf2 36. Kxf2 Rc8 37. Rd7 Rc4 38. Be3 Rxa4 39. Rxb7 Rb4 40. b6 a4 41. Ra7 h6 42. g4 a3 43. Rxa3 1-0


[Site "https://www.chess.com"]

[Event "Titled Tuesday Blitz November 22 Early 2022"]
[White "Nakamura, Hikaru"]
[Black "Baskakov, Egor"]
[WhiteFideId "2016192"]
[BlackFideId "24197866"]
[WhiteElo "2909"]
[BlackElo "2211"]
[Result "1-0"]
[Round "06"]
[TimeControl "180+1"]
[Date "2022.11.22"]
[WhiteClock "0:01:05"]
[BlackClock "0:00:24"]

1. Nf3 Nf6 2. g3 e6 3. Bg2 d5 4. d3 Be7 5. Nbd2 d4 6. c4 O-O 7. O-O c5 8. b4 cxb4 9. a3 bxa3 10. Bxa3 Bxa3 11. Rxa3 Nc6 12. Nb3 e5 13. Nfd2 Qd6 14. Qa1 b6 15. c5 bxc5 16. Nc4 Qc7 17. Nxc5 Bg4 18. Ra6 Nb4 19. Bxa8 Qxc5 20. Ra5 Qc8 21. Bf3 Bxf3 22. exf3 Nxd3 23. Nxe5 Nxe5 24. Rxe5 Qc6 25. Kg2 Rd8 26. Rd1 d3 27. Qb1 Qd7 28. Re3 d2 29. Re2 1-0


[Site "https://www.chess.com"]

[Event "Titled Tuesday Blitz November 22 Early 2022"]
[White "Nanditha, V"]
[Black "Donskov, Anatoly"]
[WhiteFideId "46626697"]
[BlackFideId "24143413"]
[WhiteElo "1564"]
[BlackElo "2219"]
[Result "1-0"]
[Round "06"]
[TimeControl "180+1"]
[Date "2022.11.23"]
[WhiteClock "0:00:09"]
[BlackClock "0:00:01"]

1. e4 c5 2. Nf3 e6 3. g3 Nc6 4. Bg2 d6 5. O-O Nf6 6. d3 g6 7. c3 Bg7 8. Nbd2 O-O 9. Qe2 Rb8 10. Rd1 e5 11. a4 h6 12. Nc4 Be6 13. Ne3 Qe7 14. Nd2 Nd7 15. Nd5 Qd8 16. Nc4 Nb6 17. Nce3 Kh7 18. a5 Nc8 19. Nc4 N8e7 20. h4 Qd7 21. Rf1 f5 22. f4 fxe4 23. dxe4 Bg4 24. Qd3 Rbd8 25. Be3 exf4 26. gxf4 Nxd5 27. Qxd5 Be6 28. Qd3 Qe7 29. Rad1 Qxh4 30. Nxd6 Bg4 31. Rd2 b6 32. e5 Ne7 33. Bf2 Qh5 34. Bg3 Nf5 35. axb6 axb6 36. Rff2 Nxd6 37. exd6 Rd7 38. Bc6 Rdf7 39. Be4 Kh8 40. Rh2 Bh3 41. Bxg6 Qg4 42. Rxh3 Qxh3 43. Bxf7 Rxf7 44. d7 Rxd7 45. Qxd7 Qxg3+ 46. Kf1 Qxf4+ 47. Rf2 Qc1+ 48. Kg2 Qg5+ 49. Kf3 Qh5+ 50. Ke3 Qg5+ 51. Kd3 Qg3+ 52. Ke2 Qe5+ 53. Kd1 Qe3 54. Qd8+ Kh7 55. Qd2 Qe6 56. Qc2+ Kh8 57. Re2 Qg4 58. Qd2 Qg1+ 59. Kc2 Qg6+ 60. Qd3 Qf6 61. Re8+ Bf8 62. Qe2 Kg7 63. Qg2+ Kf7 64. Qe4 Qf2+ 65. Kb3 Qf6 66. Rc8 Be7 67. Rc7 1-0


[Site "https://www.chess.com"]

[Event "Titled Tuesday Blitz November 22 Early 2022"]
[White "Narayanan, Srinath"]
[Black "Horak, Martin"]
[WhiteFideId "5018420"]
[BlackFideId "367095"]
[WhiteElo "2459"]
[BlackElo "2091"]
[Result "0-1"]
[Round "06"]
[TimeControl "180+1"]
[Date "2022.11.23"]
[WhiteClock "0:00:03"]
[BlackClock "0:00:02"]

1. d4 Nf6 2. c4 e6 3. g3 Bb4+ 4. Bd2 Be7 5. Bg2 d5 6. Nf3 O-O 7. O-O c6 8. Qc2 b6 9. Rc1 Bb7 10. a4 a6 11. Ne5 Nfd7 12. cxd5 Nxe5 13. dxe5 cxd5 14. Qc7 Bc8 15. Be3 Nd7 16. a5 Bc5 17. Qxd8 Rxd8 18. Bd2 b5 19. Bg5 Re8 20. Nd2 h6 21. Bf4 g5 22. Be3 Bxe3 23. fxe3 Nxe5 24. e4 d4 25. Nb3 Rd8 26. Rd1 d3 27. exd3 Rxd3 28. Rxd3 Nxd3 29. Rd1 Ne5 30. Rd8+ Kg7 31. Nc5 Kf6 32. b4 Ke7 33. Rh8 Bb7 34. Rxh6 Bc6 35. Rh5 Kf6 36. h4 g4 37. Kf2 Rd8 38. Ke2 Nc4 39. e5+ Nxe5 40. Rxe5 Bxg2 41. Rg5 Bf3+ 42. Ke3 Ra8 43. Nd7+ Ke7 44. Ne5 Rc8 45. Nxg4 Bxg4 46. Rxg4 Rc3+ 47. Kf2 Rb3 48. h5 f5 49. Rg7+ Kf6 50. h6 Rxb4 51. Ra7 Rb1 52. Kg2 Rb2+ 53. Kh3 Rb1 54. h7 Rh1+ 55. Kg2 Rh6 56. Kf3 Ke5 57. Ke3 Kd5 58. Kd3 Ke5 59. Kc3 Rh3 60. Kb4 Kd5 61. Rg7 Rh5 62. Re7 Rh3 63. Rd7+ Ke5 64. Kc5 Rh6 65. Ra7 b4 66. Kxb4 Kd5 67. Rd7+ Kc6 68. Rg7 Kd5 69. Ra7 Rh5 70. Kc3 Kc5 71. Rb7 Kd5 72. Kd3 Rh6 73. Ke3 Ke5 74. Kf3 Rh5 75. Ra7 Rh6 0-1


[Site "https://www.chess.com"]

[Event "Titled Tuesday Blitz November 22 Early 2022"]
[White "Nguyen Hong Nhung"]
[Black "Rottenwohrer Suarez, Juan"]
[WhiteFideId "12412201"]
[BlackFideId "32068182"]
[WhiteElo "1904"]
[BlackElo "2195"]
[Result "1-0"]
[Round "06"]
[TimeControl "180+1"]
[Date "2022.11.23"]
[WhiteClock "0:00:17"]
[BlackClock "0:00:06"]

1. e4 c5 2. Nc3 g6 3. f4 Bg7 4. Nf3 Nc6 5. Bc4 e6 6. d3 Nge7 7. O-O d5 8. Bb3 O-O 9. Qe1 Nd4 10. Nxd4 cxd4 11. Ne2 dxe4 12. dxe4 d3 13. Nc3 dxc2 14. Qf2 Nc6 15. Bxc2 b6 16. Be3 Bb7 17. Rad1 Qe7 18. e5 Nb4 19. Be4 Rac8 20. Bxb7 Qxb7 21. a3 Na6 22. Nb5 Rcd8 23. Qh4 Rd7 24. Nd6 Qa8 25. Rf3 Nc7 26. Rh3 h6 27. f5 exf5 28. Bxh6 Bxe5 29. Bxf8 Kxf8 30. Re1 Qd5 31. Nc8 Qd4+ 32. Qxd4 Bxd4+ 33. Kf1 Bxb2 34. Nxa7 Ne6 35. Nc6 Rd2 36. Rb3 Nf4 37. g3 Nh3 38. Re2 Rd1+ 39. Kg2 Ng5 40. Rbxb2 1-0


[Site "https://www.chess.com"]

[Event "Titled Tuesday Blitz November 22 Early 2022"]
[White "Nissinen, Niilo Man"]
[Black "Muminova, Nafisa"]
[WhiteFideId "30950767"]
[BlackFideId "14201526"]
[WhiteElo "1896"]
[BlackElo "2258"]
[Result "0-1"]
[Round "06"]
[TimeControl "180+1"]
[Date "2022.11.23"]
[WhiteClock "0:00:02"]
[BlackClock "0:00:50"]

1. e4 e6 2. d4 d5 3. e5 c5 4. c3 Nc6 5. Nf3 Qb6 6. a3 f6 7. b4 fxe5 8. dxc5 Qc7 9. c4 Nf6 10. Nc3 d4 11. Nb5 Qb8 12. Bg5 a6 13. Bxf6 gxf6 14. Nd6+ Bxd6 15. cxd6 Qxd6 16. Nd2 f5 17. Qh5+ Kd8 18. c5 Qe7 19. Nc4 Kc7 20. O-O-O Bd7 21. g3 e4 22. Qh6 Raf8 23. Qf4+ e5 24. Qh6 Be6 25. Nb6 Rf6 26. Qh5 Bf7 27. Qe2 Rd8 28. Qb2 d3 29. Bg2 Nd4 30. Rhe1 Bb3 31. Rd2 Bc2 32. Re3 Nb3+ 0-1


[Site "https://www.chess.com"]

[Event "Titled Tuesday Blitz November 22 Early 2022"]
[White "Nugumanov, Bakhtiyar"]
[Black "Sreyas Payyappat"]
[WhiteFideId "13701797"]
[BlackFideId "46674969"]
[WhiteElo "2287"]
[BlackElo "2083"]
[Result "1-0"]
[Round "06"]
[TimeControl "180+1"]
[Date "2022.11.23"]
[WhiteClock "0:00:10"]
[BlackClock "0:00:26"]

1. Nf3 Nf6 2. c3 d5 3. g3 g6 4. Bg2 Bg7 5. d4 c5 6. O-O O-O 7. b3 Nc6 8. Bb2 Ne4 9. Nbd2 cxd4 10. cxd4 Bg4 11. h3 Bxf3 12. Nxf3 Rc8 13. Rc1 Nb4 14. a3 Na2 15. Rxc8 Qxc8 16. Qd3 Qf5 17. Ra1 Nec3 18. Qxf5 gxf5 19. Kf1 Rc8 20. e3 b5 21. b4 e6 22. Ke1 Na4 23. Rxa2 Rc2 24. Bf1 a6 25. Nd2 Rxb2 26. Rxb2 Nxb2 27. Nb3 Bf8 28. Kd2 Bd6 29. Kc3 Na4+ 30. Kc2 Kf8 31. Bd3 Ke7 32. f4 Kd7 33. Nc1 Nb6 34. Nb3 Nc4 35. Nc5+ Bxc5 36. Bxc4 Bxd4 37. Bxb5+ axb5 38. exd4 f6 39. Kb3 Kd6 40. a4 bxa4+ 41. Kxa4 e5 42. fxe5+ fxe5 43. dxe5+ Kxe5 44. b5 Kd6 45. Kb4 h5 46. h4 Ke5 47. Kc5 d4 48. b6 d3 49. b7 d2 50. b8=Q+ Ke4 51. Qd8 Ke3 52. Qe7+ Kf2 53. Qd6 Ke2 54. Qe5+ Kd3 55. Qd5+ Kc2 56. Qxf5+ Kc1 57. Qxh5 d1=Q 58. Qxd1+ Kxd1 59. h5 Ke2 60. g4 Kf3 61. g5 Ke4 62. g6 Kf5 63. g7 Ke5 64. g8=Q Ke4 65. h6 Kf3 66. h7 Ke3 67. h8=Q Kd2 68. Qf6 Kd3 69. Qd5+ Kc2 70. Qf2+ Kc3 71. Qdd4+ Kb3 72. Qfb2# 1-0


[Site "https://www.chess.com"]

[Event "Titled Tuesday Blitz November 22 Early 2022"]
[White "Odegov, Artem"]
[Black "Harsha Bharathakoti"]
[WhiteFideId "34183644"]
[BlackFideId "5078776"]
[WhiteElo "2298"]
[BlackElo "2523"]
[Result "0-1"]
[Round "06"]
[TimeControl "180+1"]
[Date "2022.11.23"]
[WhiteClock "0:00:05"]
[BlackClock "0:00:04"]

1. d4 Nf6 2. c4 g6 3. Nc3 Bg7 4. e4 d6 5. h3 O-O 6. Be3 c5 7. d5 e6 8. Nf3 exd5 9. cxd5 b5 10. e5 dxe5 11. Bxb5 Nbd7 12. O-O Rb8 13. Qe2 Nh5 14. Rfe1 Re8 15. Rad1 Qb6 16. Nd2 f5 17. Nc4 Qf6 18. Bxc5 Rxb5 19. Nxb5 Nxc5 20. Ncd6 Rd8 21. Qc4 Bf8 22. Nxc8 Rxc8 23. b4 Nf4 24. g3 Nxh3+ 25. Kg2 Nxf2 26. d6+ Kg7 27. bxc5 Nxd1 28. Rxd1 f4 29. d7 f3+ 30. Kf1 Rd8 31. c6 Qf5 32. Nc7 Qh3+ 33. Ke1 Qg2 34. Ne6+ Kh8 35. Nxd8 f2+ 36. Kd2 f1=Q+ 37. Kc1 Bh6+ 38. Kb1 Qxd1+ 39. Qc1 Qxc1# 0-1


[Site "https://www.chess.com"]

[Event "Titled Tuesday Blitz November 22 Early 2022"]
[White "Oparin, Grigoriy"]
[Black "Gabrielian, Artur"]
[WhiteFideId "24125890"]
[BlackFideId "4131002"]
[WhiteElo "2639"]
[BlackElo "2432"]
[Result "0-1"]
[Round "06"]
[TimeControl "180+1"]
[Date "2022.11.22"]
[WhiteClock "0:00:07"]
[BlackClock "0:00:19"]

1. g3 g6 2. Bg2 Bg7 3. c4 Nf6 4. Nc3 O-O 5. e4 d6 6. Nge2 c5 7. d4 cxd4 8. Nxd4 Nc6 9. Nxc6 bxc6 10. O-O Be6 11. Qe2 Nd7 12. Bd2 Rb8 13. b3 Nc5 14. Rad1 a5 15. f4 a4 16. f5 Bd7 17. bxa4 Rb2 18. Qe3 Qb6 19. Kh1 Ra8 20. Rb1 Bxc3 21. a5 Qb8 22. Rxb2 Bxb2 23. Rb1 Na4 24. fxg6 hxg6 25. c5 dxc5 26. Qb3 Qxb3 27. axb3 Bc3 28. bxa4 Bxd2 29. Rd1 Be6 30. Rxd2 Rxa5 31. Rc2 c4 32. e5 Rxa4 33. Bxc6 Ra5 34. Kg1 Rxe5 35. Bf3 Re3 36. Kf2 Ra3 37. Be2 c3 38. Ke3 Bf5 39. Rc1 c2+ 40. Kd2 e5 41. g4 Be4 42. h4 Kg7 43. h5 gxh5 44. gxh5 Kh6 45. Rf1 f5 46. Re1 Rh3 47. Bc4 Rh2+ 48. Kc1 Kxh5 49. Rg1 Rh1 50. Rxh1+ Bxh1 51. Kxc2 Kg5 52. Kd2 Bc6 53. Ke3 f4+ 54. Kf2 e4 55. Be2 Kf6 56. Bg4 e3+ 57. Ke1 Kg5 58. Be2 Kh4 59. Bd1 Kg3 60. Bh5 f3 61. Kd1 Ba4+ 62. Ke1 f2+ 63. Ke2 Bb5+ 64. Kxe3 f1=Q 0-1


[Site "https://www.chess.com"]

[Event "Titled Tuesday Blitz November 22 Early 2022"]
[White "Orzech, Dominik"]
[Black "Crevatin, Leo"]
[WhiteFideId "1115065"]
[BlackFideId "1726307"]
[WhiteElo "2272"]
[BlackElo "2208"]
[Result "1-0"]
[Round "06"]
[TimeControl "180+1"]
[Date "2022.11.23"]
[WhiteClock "0:00:56"]
[BlackClock "0:00:01"]

1. Nf3 Nf6 2. c4 c5 3. Nc3 Nc6 4. g3 d5 5. cxd5 Nxd5 6. Bg2 Nc7 7. O-O e5 8. d3 Be7 9. Nd2 O-O 10. Nc4 Bd7 11. f4 exf4 12. gxf4 b5 13. Ne5 Nxe5 14. Bxa8 Qxa8 15. fxe5 Bh3 16. Rf3 Be6 17. Bf4 Nd5 18. Nxd5 Qxd5 19. Rg3 Rd8 20. Qd2 c4 21. a4 a6 22. axb5 axb5 23. d4 g6 24. e3 Bf5 25. Qa5 Bc8 26. Qc7 Re8 27. Ra7 Qe4 28. Bg5 Qb1+ 29. Kg2 Qxb2+ 30. Kf3 Qb1 31. Bxe7 Qf1+ 32. Ke4 Qh1+ 33. Kf4 Qf1+ 34. Rf3 Qg2 35. h3 Qh2+ 36. Ke4 Qc2+ 37. Kd5 Be6+ 38. Kd6 Qe4 39. Qc6 Qxc6+ 40. Kxc6 Rc8+ 41. Kxb5 c3 42. Bc5 c2 43. Rf1 Rb8+ 44. Bb6 1-0


[Site "https://www.chess.com"]

[Event "Titled Tuesday Blitz November 22 Early 2022"]
[White "Osmak, Yuliia"]
[Black "Ivic, Velimir"]
[WhiteFideId "14101602"]
[BlackFideId "950122"]
[WhiteElo "2328"]
[BlackElo "2625"]
[Result "1-0"]
[Round "06"]
[TimeControl "180+1"]
[Date "2022.11.22"]
[WhiteClock "0:00:06"]
[BlackClock "0:00:01"]

1. d4 Nf6 2. c4 g6 3. Nc3 Bg7 4. e4 O-O 5. Nf3 d6 6. Be2 Na6 7. Bf4 Nd7 8. O-O e5 9. Bg5 Qe8 10. Qd2 f6 11. Be3 exd4 12. Nxd4 Nac5 13. f3 f5 14. exf5 gxf5 15. Rfe1 Qf7 16. Ndb5 Ne5 17. Nd5 Ne6 18. Rad1 f4 19. Bf2 Qg6 20. Kh1 Rf7 21. Nxa7 Bd7 22. a3 Qh5 23. Nb5 Kh8 24. Nbxc7 Nxc7 25. Nxc7 Rg8 26. Qxd6 Rf6 27. Qe7 Rh6 28. Bg1 Bf6 29. Qc5 Rxg2 30. Kxg2 Rg6+ 31. Kh1 Qg5 32. Bf1 Bc6 33. Nd5 Nxf3 34. Bh3 Rg8 35. Rf1 Qh5 36. Bg2 Nh4 37. Be4 Be5 38. Qe7 f3 39. Qxe5+ Qxe5 40. Bd4 Qxd4 41. Rxd4 Bd7 42. Bxf3 Bh3 43. Rf2 Nxf3 44. Rd1 Ne5 45. Nf6 Rf8 46. Ne4 Re8 47. Ng3 Ng4 48. Rfd2 Ne3 49. Re1 Re5 50. Rde2 1-0


[Site "https://www.chess.com"]

[Event "Titled Tuesday Blitz November 22 Early 2022"]
[White "Osmonbekov, Talaibek"]
[Black "Szyszylo, Rafal"]
[WhiteFideId "2017253"]
[BlackFideId "1109626"]
[WhiteElo "2135"]
[BlackElo "1981"]
[Result "1-0"]
[Round "06"]
[TimeControl "180+1"]
[Date "2022.11.23"]
[WhiteClock "0:00:05"]
[BlackClock "0:00:01"]

1. d4 d6 2. Bf4 g6 3. Nc3 Bg7 4. e4 Nd7 5. Bg5 c5 6. Nf3 Qb6 7. Nd5 Qa5+ 8. b4 cxb4 9. Qd2 e6 10. Nxb4 Ngf6 11. Bd3 Qc7 12. c3 O-O 13. O-O Nb6 14. Nc2 Nc4 15. Qc1 Bd7 16. Bh6 e5 17. Bg5 Nh5 18. Bxc4 Qxc4 19. Ne3 Qd3 20. dxe5 dxe5 21. Rd1 Qb5 22. Rb1 Qc6 23. Nd5 Rfe8 24. Ne7+ Rxe7 25. Bxe7 Nf4 26. Qe3 Bg4 27. Rd8+ Rxd8 28. Bxd8 b6 29. h3 Be6 30. Rd1 h6 31. a3 Bc4 32. Be7 Kh7 33. Bd6 Qe8 34. Bc7 Bf6 35. Rd6 Be7 36. Rd2 Bc5 37. Qe1 Qe7 38. Bxe5 g5 39. Bxf4 gxf4 40. e5 Qe6 41. Qe4+ Kg7 42. Qxf4 Qg6 43. Qxc4 Qb1+ 44. Kh2 Bxf2 45. Qg4+ Kf8 46. Nh4 Bxh4 47. Qxh4 Qc1 48. Rd8+ Kg7 49. Qf6+ Kh7 50. Rh8# 1-0


[Site "https://www.chess.com"]

[Event "Titled Tuesday Blitz November 22 Early 2022"]
[White "Ozates, Tuna"]
[Black "Jumabayev, Rinat"]
[WhiteFideId "6354521"]
[BlackFideId "13702661"]
[WhiteElo "2151"]
[BlackElo "2561"]
[Result "0-1"]
[Round "06"]
[TimeControl "180+1"]
[Date "2022.11.23"]
[WhiteClock "0:01:02"]
[BlackClock "0:00:56"]

1. e4 c6 2. Nf3 d5 3. d3 Bg4 4. h3 Bh5 5. e5 e6 6. d4 c5 7. c3 Nc6 8. g4 Bg6 9. Bg2 h5 10. O-O hxg4 11. hxg4 Nh6 12. Bg5 Be7 13. Bxh6 Rxh6 14. Na3 cxd4 15. cxd4 Qb6 16. Qd2 Be4 17. Rfd1 Kd7 18. Rac1 Rah8 19. Qf4 Qxb2 20. Nc4 Qxa2 21. Rd2 Qa4 22. Qxf7 dxc4 23. d5 exd5 24. e6+ Kc7 25. Ne5 Rh1+ 0-1


[Site "https://www.chess.com"]

[Event "Titled Tuesday Blitz November 22 Early 2022"]
[White "Ozen, Bahadir"]
[Black "Bazeev, German"]
[WhiteFideId "6337058"]
[BlackFideId "24119350"]
[WhiteElo "2503"]
[BlackElo "2493"]
[Result "1/2-1/2"]
[Round "06"]
[TimeControl "180+1"]
[Date "2022.11.22"]
[WhiteClock "0:00:05"]
[BlackClock "0:00:20"]

1. g3 d5 2. Nf3 c6 3. Bg2 Nf6 4. O-O Bg4 5. h3 Bh5 6. d3 Nbd7 7. Qe1 e5 8. e4 Bd6 9. Nh4 Bg6 10. Nc3 dxe4 11. Nxg6 hxg6 12. Nxe4 Nxe4 13. dxe4 O-O 14. Qe2 Qe7 15. h4 Nc5 16. Bg5 Qc7 17. c3 Ne6 18. Bd2 Qb6 19. b4 a5 20. Be3 Qc7 21. a3 c5 22. Rfc1 cxb4 23. cxb4 Qe7 24. Rab1 axb4 25. axb4 Ra3 26. Qc4 Rd8 27. Rd1 Raa8 28. Qb3 Bc7 29. Rbc1 Rxd1+ 30. Rxd1 Rd8 31. Bh3 Nd4 32. Bxd4 exd4 33. Bg2 Kh7 34. f4 f6 35. Kh2 g5 36. hxg5 fxg5 37. e5 gxf4 38. Be4+ g6 39. gxf4 Rf8 40. Qg3 Qf7 41. Rxd4 Qxf4 42. Rd7+ Kh6 43. Rxc7 Qxe4 44. Qh3+ Kg5 45. Qg3+ Qg4 46. Qxg4+ Kxg4 47. Rxb7 Kf5 48. Rb5 Re8 49. Kg3 Rxe5 50. Rxe5+ Kxe5 51. Kg4 Kd5 52. Kg5 Kc6 53. Kxg6 Kb5 54. Kh7 Kxb4 1/2-1/2


[Site "https://www.chess.com"]

[Event "Titled Tuesday Blitz November 22 Early 2022"]
[White "Papp, Levente"]
[Black "Gonzalez, Francisco Silva"]
[WhiteFideId "751243"]
[BlackFideId "1512285"]
[WhiteElo "2380"]
[BlackElo "2159"]
[Result "1/2-1/2"]
[Round "06"]
[TimeControl "180+1"]
[Date "2022.11.23"]
[WhiteClock "0:00:02"]
[BlackClock "0:00:53"]

1. e4 e5 2. Nf3 Nc6 3. Bc4 Bc5 4. O-O Nf6 5. Nc3 d6 6. h3 a6 7. d3 Ba7 8. a4 Bd7 9. a5 Qc8 10. Kh2 h6 11. Be3 g5 12. Ng1 Rg8 13. Nd5 Nxd5 14. Bxd5 Qd8 15. g4 Be6 16. Ne2 Bxd5 17. exd5 Ne7 18. Bxa7 Rxa7 19. c4 Ng6 20. d4 f6 21. Ng3 Nf4 22. Qc2 Qd7 23. Qf5 Qxf5 24. Nxf5 Kd7 25. Ra3 h5 26. gxh5 Rh8 27. dxe5 fxe5 28. Rg1 Rxh5 29. Ng7 Rh7 30. Rxg5 Ra8 31. Rag3 Rf8 32. Nf5 Rff7 33. Rg7 c6 34. dxc6+ Kxc6 35. Rxh7 Rxh7 36. b4 d5 37. cxd5+ Kxd5 38. h4 Kc4 39. Re3 Rh5 40. Rxe5 Kxb4 41. Re4+ Kxa5 42. Rxf4 b5 43. Kg3 b4 44. Kg4 Rh8 45. Ne3 Ka4 46. Nc2 a5 47. h5 Kb3 48. Nd4+ Kc3 49. Nb5+ Kb3 50. Kg5 a4 51. Kg6 a3 52. Rf3+ Kb2 53. Nd4 a2 54. Nb3 Rg8+ 55. Kf7 Rh8 56. Kg6 Rg8+ 57. Kf7 Rh8 58. Kg6 1/2-1/2


[Site "https://www.chess.com"]